 Dungeon Crawl Stone Soup version 0.30.0-29-ga12c61a403 (webtiles) character file.

Game seed: 8957311289475767523

134 Graphine the Trooper (level 5, -6/47 HPs)
             Began as a Hill Orc Fighter on June 20, 2023.
             Killed by divine providence
             ... invoked by an orc priest
              (11 damage)
             ... on level 3 of the Dungeon.
             The game lasted 00:03:07 (1851 turns).

Graphine the Trooper (Hill Orc Fighter)             Turns: 1851, Time: 00:03:07

Health: -6/47      AC: 14    Str: 21    XL:     5   Next: 17%
Magic:  3/6        EV:  6    Int:  8    God:
Gold:   91         SH:  4    Dex: 10    Spells: 4/4 levels left

rFire   . . .        a - +2 war axe
rCold   . . .        c - +0 buckler
rNeg    . . .        g - +0 plate armour
rPois   .            (no helmet)
rElec   .            b - +0 cloak
rCorr   .            e - +0 pair of gloves
SInv    .            (no boots)
Will    .....        (no amulet) Stlth
                     (no ring)
HPRegen 0.27/turn    (no ring)
MPRegen 0.10/turn

%: no passive effects
@: no status effects
A: no striking features
a: Convert to Beogh


You were on level 3 of the Dungeon.
You visited 1 branch of the dungeon, and saw 3 of its levels.

You collected 91 gold pieces.

Inventory:

Hand Weapons
 a - a +2 war axe (weapon)
Armour
 b - a +0 cloak (worn)
 c - a +0 buckler (worn)
 e - a +0 pair of gloves (worn)
 g - a +0 plate armour (worn)
Wands
 j - a wand of paralysis (3)
Scrolls
 i - a scroll of poison
 n - a scroll of teleportation
Potions
 d - a potion of might
 f - a potion of mutation
 h - a potion of curing {unknown}


   Skills:
 + Level 4.4 Fighting
 + Level 3.9 Axes
 + Level 4.0 Armour
 + Level 4.0 Shields
 + Level 2.4 Invocations


You had 4 spell levels left.
You didn't know any spells.
Your spell library contained the following spells:

 Spells                   Type           Power      Damage    Failure   Level
 Kiss of Death            Conj/Necr      0%         2d5       100%        1
 Magic Dart               Conj           0%         1d3       100%        1
 Ensorcelled Hibernation  Hex/Ice        0%         N/A       100%        2
 Searing Ray              Conj           0%         2d4       100%        2
 Confusing Touch          Hex            0%         N/A       100%        3
 Spider Form              Tmut/Pois      0%         N/A       100%        3
 Anguish                  Hex/Necr       0%         N/A       100%        4
 Dispel Undead            Necr           0%         3d6       100%        4
 Fulminant Prism          Conj/Hex       0%         3d5       100%        4


Dungeon Overview and Level Annotations

Branches:
Dungeon (3/15)

Altars:

Shops:
D:2 (


Message History

The orc priest hits you with a +0 hand axe.
* * * LOW HITPOINT WARNING * * *
The gnoll hits you but does no damage. The gnoll barely misses you.
You slash the gnoll!
You kill the gnoll!
You closely miss the gnoll. You slash the gnoll!
You kill the gnoll!
You hit the orc priest but do no damage.
You block the gnoll's attack.
The orc priest hits you but does no damage.
The gnoll hits you but does no damage.
The frilled lizard bites you but does no damage.
You block the orc priest's attack.
The gnoll hits you but does no damage. x2
Your Shields skill increases to level 4!
You have reached level 5!
You feel stronger. The gnoll hits you but does no damage.
The frilled lizard bites you but does no damage.
The gnoll hits you with a +0 club.
* * * LOW HITPOINT WARNING * * *
The orc priest shouts, "Join the one true god or die!"
Things that are here:
a +2 antimagic whip; a gnoll corpse; a jackal corpse You closely miss the gnoll.
You hit the orc priest but do no damage.
You barely miss the gnoll. You miss the frilled lizard.
The gnoll hits you but does no damage.
The orc priest hits you but does no damage.
The gnoll hits you but does no damage.
The frilled lizard bites you but does no damage.
The orc priest shouts, "Surrender to Beogh and we'll let you live!"
You barely miss the gnoll. You barely miss the orc. You hit the orc priest.
The orc priest shouts, "Surrender to Beogh and we'll let you live!"
You hit the gnoll. You hit the frilled lizard.
You kill the frilled lizard!
The orc priest shouts, "Surrender to Beogh and we'll let you live!"
The gnoll hits you but does no damage.
The orc priest mumbles some strange prayers to Beogh against you.
Beogh smites you!
You die...

...............# .#
...........)...##.#
............).....#
.###......†.....###
#........<...#
##.#....#....#
.......#.#....# .
....##.#.....o####....
#####
#.###..ho@....... ...
##.ogBg....##
<.......SJ..?..#
....##r#......### ...
#.#.##..... r...
..#... ...## ..#....
.... ... #.#


You could see a howler monkey, an orc priest, 2 gnolls, an adder, 2 orcs, an
endoplasm, a giant cockroach and a rat.

Vanquished Creatures
  Crazy Yiuf (D:2)
  2 gnolls (D:3)
  2 adders (D:2)
  An ufetubus (D:2)
  A dart slug (D:1)
  An orc (D:3)
  A bat (D:1)
  5 endoplasms
  4 goblins
  4 hobgoblins
  13 jackals
  10 kobolds
  A quokka (D:3)
  5 ball pythons
  A frilled lizard (D:3)
  8 rats
60 creatures vanquished.

Notes
Turn   | Place    | Note
-------+----------+-------------------------------------------
     0 | D:1      | Graphine the Hill Orc Fighter began the quest for the Orb.
     0 | D:1      | Reached XP level 1. HP: 19/19 MP: 1/1
   138 | D:1      | Reached XP level 2. HP: 26/27 MP: 2/2
   163 | D:1      | Reached skill level 1 in Invocations
   197 | D:1      | Reached XP level 3. HP: 29/33 MP: 3/3
   887 | D:2      | Found a runed translucent door.
   888 | D:2      | Noticed Crazy Yiuf
   998 | D:2      | Killed Crazy Yiuf
   999 | D:2      | Reached XP level 4. HP: 40/40 MP: 5/5
  1100 | D:2      | Found Woixzi's Antique Weapon Shop.
  1849 | D:3      | Reached XP level 5. HP: 5/47 MP: 3/6
  1851 | D:3      | Killed from afar by an orc priest

Illustrated notes

Levels and vault maps discovered:
D:1:      ncdulo_watergridlock, layout_basic, minmay_misc_feat_square
D:2:      layout_loops_ring, serial_shops, shop, serial_rivers,
          chequers_serial_rivers_small_b, chequers_serial_rivers_small_b,
          chequers_serial_rivers_room_b, chequers_serial_rivers_marsh,
          chequers_serial_rivers_micro_a, uniq_crazy_yiuf_cottage
D:3:      layout_rooms, pf_just_have_faith,
          chequers_ecumenical_altar_simple_redux

Skill      XL: |  1  2  3  4 |
---------------+-------------+-----
Axes           | 3 |  3.9
Invocations    | 1 2 |  2.4
Fighting       | 4 |  4.4
Armour         | 4 |  4.0
Shields        | 4 |  4.0

Action                     |  1- 3 |  4- 6 || total
---------------------------+-------+-------++-------
  Melee: War axe           |    92 |    39 ||   131
    Use: Scroll            |     2 |     6 ||     8
 Armour: Scale mail        |    39 |       ||    39
         Plate armour      |     1 |    42 ||    43
  Dodge: Dodged            |    51 |    11 ||    62
  Block: Buckler           |    23 |     8 ||    31
